 Dungeon Crawl Stone Soup version 0.22.1-1-ga44c0e56f4 (webtiles) character file.

349 ErikD the Cudgeler (level 6, -16/56 HPs)
             Began as a Minotaur Berserker on Nov 9, 2018.
             Was a Believer of Trog.
             Demolished by an ogre
             ... wielding a +0 giant spiked club
              (34 damage)
             ... on level 4 of the Dungeon on Nov 10, 2018.
             The game lasted 00:09:13 (3846 turns).

ErikD the Cudgeler (Minotaur Berserker)             Turns: 3846, Time: 00:09:14

Health: -16/56     AC:  2    Str: 22    XL:     6   Next: 33%
Magic:  5/5        EV: 13    Int:  4    God:    Trog [**....]
Gold:   192        SH:  0    Dex: 11    Spells: 5/5 levels left

rFire    . . .     SeeInvis .   a - +0 mace
rCold    . . .     Gourm    .   (no shield)
rNeg     . . .     Faith    .   b - +0 animal skin
rPois    .         Spirit   .   (helmet restricted)
rElec    .         Reflect  .   (no cloak)
rCorr    .         Harm     .   (no gloves)
MR       .....                  (no boots)
Stlth    ++........             (no amulet)
HPRegen  0.18/turn              (no ring)
MPRegen  0.09/turn              (no ring)

@: no status effects
A: retaliatory headbutt, horns 2
a: Berserk, Trog's Hand, Renounce Religion


You were on level 4 of the Dungeon.
You worshipped Trog.
Trog was pleased with you.
You were not hungry.

You visited 1 branch of the dungeon, and saw 4 of its levels.

You collected 192 gold pieces.

Inventory:

Hand Weapons
 a - a +0 mace (weapon)
 f - a +2 short sword of venom
 i - a cursed -3 hand axe
 l - a +2 dagger of protection
 s - a +2 falchion of electrocution
Missiles
 e - 111 stones (quivered)
 p - 2 throwing nets
Armour
 b - a +0 animal skin (worn)
Wands
 j - a wand of enslavement (14)
 r - a wand of disintegration (16)
Scrolls
 g - 3 scrolls of blinking {unknown}
 h - a scroll of remove curse {unknown}
 k - 2 scrolls of immolation {unknown}
 m - a scroll of magic mapping {unknown}
 n - a scroll of amnesia {unknown}
 o - a scroll of noise {unknown}
 t - a scroll of identify {unknown}
Potions
 d - a potion of degeneration {unknown}
 q - a potion of curing {unknown}
Comestibles
 c - 9 rations


   Skills:
 + Level 5.2 Fighting
 + Level 6.0 Maces & Flails
 + Level 1.2 Throwing
 + Level 2.8 Armour
 + Level 3.8 Dodging
 + Level 1.2 Stealth


You had 5 spell levels left.
You didn't know any spells.
Your spell library was empty.

Dungeon Overview and Level Annotations

Branches:
Dungeon (4/15)
 Temple: D:4-7

Altars:
Cheibriados
Elyvilon
Hepliaklqana


Innate Abilities, Weirdness & Mutations

You reflexively headbutt those who attack you in melee.
You have a pair of horns on your head.


Message History

Aiming: Enslavement
Press: ? - help, Shift-Dir - straight line, f/p - ogre
Aim: an ogre, wielding a giant spiked club (chance to defeat MR: 46%)
The ogre is charmed.
Found a stone staircase leading down.
There is a stone staircase leading down here.
The ogre is no longer charmed.
You hit the ogre.
You headbutt the ogre, but do no damage.
The ogre is moderately wounded.
The ogre hits you with a giant spiked club!!
Ouch! That really hurt!
You hit the ogre.
The ogre is moderately wounded.
The ogre barely misses you.
You hit the ogre but do no damage.
The ogre is moderately wounded.
The ogre hits you with a giant spiked club!!
Ouch! That really hurt!
You die...

##########
#........##
#>#####...######
#.# ##..........
#.# #.......#####
#.# #.#####.##...
##.####.#####.##.##
#.O.............<..
#.@####.####..#####
#..# #.####..# #..#
#.......# #...
######.## #.## #.#
#. #.###### #.
.######.##.... ..
...........###
##.######.#####


You could see an ogre.

Vanquished Creatures
  A phantom (D:4)
  A hound (D:4)
  An orc priest (D:3)
  Jessica (D:2)
  An orc wizard (D:3)
  4 gnolls (D:3)
  4 adders
  An adder skeleton (D:4)
  A worm (D:3)
  2 dart slugs (D:1)
  2 leopard geckos
  5 orcs
  6 bats
  2 giant cockroaches
  8 goblins
  3 hobgoblins
  5 jackals
  3 frilled lizards
  12 kobolds
  A quokka skeleton (D:4)
  2 rats
66 creatures vanquished.

Vanquished Creatures (others)
  A ball python (D:3)
1 creature vanquished.

Grand Total: 67 creatures vanquished

Notes
Turn   | Place    | Note
-------+----------+-------------------------------------------
     0 | D:1      | ErikD the Minotaur Berserker began the quest for the Orb.
     0 | D:1      | Reached XP level 1. HP: 19/19 MP: 0/0
    74 | D:1      | Reached XP level 2. HP: 22/27 MP: 1/1
    78 | D:1      | Reached skill level 4 in Maces & Flails
   246 | D:1      | You fall through a shaft!
   377 | D:1      | Reached XP level 3. HP: 30/33 MP: 2/2
   854 | D:2      | Noticed Jessica
   867 | D:2      | Killed Jessica
   867 | D:2      | Reached ** piety under Trog
   886 | D:2      | Reached XP level 4. HP: 27/41 MP: 3/3
  1846 | D:3      | Found a snail-covered altar of Cheibriados.
  1903 | D:3      | Found a faded altar of an unknown god.
  1906 | D:3      | Reached skill level 5 in Maces & Flails
  1912 | D:3      | Reached skill level 1 in Throwing
  1912 | D:3      | Reached XP level 5. HP: 17/47 MP: 4/4
  2297 | D:3      | Found a white marble altar of Elyvilon.
  3422 | D:4      | Found a hazy altar of Hepliaklqana.
  3563 | D:4      | Noticed a phantom
  3602 | D:4      | Killed a phantom
  3602 | D:4      | Reached skill level 5 in Fighting
  3602 | D:4      | Reached skill level 1 in Stealth
  3602 | D:4      | Reached XP level 6. HP: 27/56 MP: 5/5
  3669 | D:4      | Reached skill level 6 in Maces & Flails
  3846 | D:4      | Demolished by an ogre

Skill      XL: |  1  2  3  4  5  6 |
---------------+-------------------+-----
Maces & Flails | 4 5 6 |  6.0
Fighting       | 4 5 |  5.2
Dodging        | 3 |  3.8
Throwing       | 1 |  1.2
Stealth        | 1 |  1.2
Armour         | |  2.8

Action                   |  1- 3 |  4- 6 || total
-------------------------+-------+-------++-------
Melee: Mace              |    54 |    93 ||   147
       Headbutt          |    13 |    14 ||    27
Throw: Stone             |     5 |    11 ||    16
Evoke: Wand              |       |     2 ||     2
 Stab: Sleeping          |     1 |     2 ||     3
  Eat: Chunk             |       |     9 ||     9
Armor: Animal skin       |    12 |     7 ||    19
Dodge: Dodged            |    41 |    58 ||    99
